 Dungeon Crawl Stone Soup version 0.29.1-15-g9cfb28693d (webtiles) character file.

Game seed: 6556951360200541812

10229 MacCMillion the Slicer (level 11, -1/60 HPs)
             Began as a Vine Stalker Fighter on Feb 27, 2023.
             Was a High Priest of Uskayaw.
             Succumbed to Amaemon's poison
             ... on level 8 of the Dungeon.
             The game lasted 00:19:51 (8645 turns).

MacCMillion the Slicer (Vine Stalker Fighter)       Turns: 8645, Time: 00:19:51

Health: -1/60      AC: 15    Str: 30    XL:     11   Next: 58%
Magic:  16/17      EV:  7    Int: 10    God:    Uskayaw [*****.]
Gold:   400        SH:  5    Dex: 13    Spells: 10/10 levels left

rFire   . . .      SeeInvis .   A - +6 quick blade "Bexigao" {vorpal, rC++}
rCold   + + .      Faith    .   c - +0 buckler
rNeg    + . .      Spirit   +   v - +0 plate armour
rPois   +          Reflect  .   (no helmet)
rElec   .          Harm     .   (no cloak)
rCorr   .          Rampage  .   (no gloves)
Will    +....                   g - +1 pair of boots
Stlth   ..........              (no amulet)
HPRegen 1.00/turn               L - ring of Gore {rN+ Str+6 Int+2}
MPRegen 0.15/turn               n - ring of poison resistance

@: lethally poisoned (-1 -> -16), weakened
A: fangs 3, regeneration 1, magic shield, antimagic bite, no potion heal 2
a: Renounce Religion, Stomp, Line Pass, Grand Finale


You were on level 8 of the Dungeon.
You worshipped Uskayaw.
Uskayaw was noncommittal.
You visited 2 branches of the dungeon, and saw 12 of its levels.

You collected 428 gold pieces.
You spent 28 gold pieces at shops.

Inventory:

Hand Weapons
 a - a +0 rapier
 t - a +3 dagger of draining
 A - the +6 quick blade "Bexigao" (weapon) {vorpal, rC++}
   (You acquired it on level 11 of the Dungeon)

   It inflicts extra damage upon your enemies.
   rC:        It greatly protects you from cold.
Missiles
 s - 22 poisoned darts (quivered)
 w - a throwing net
 E - 7 curare-tipped darts
 F - 6 boomerangs
 J - 5 silver javelins
Armour
 c - a +0 buckler (worn)
 g - a +1 pair of boots (worn)
 v - a +0 plate armour (worn)
Jewellery
 n - a ring of poison resistance (right hand)
 u - an amulet of guardian spirit
 L - the ring of Gore (left hand) {rN+ Str+6 Int+2}
   (You acquired it on level 11 of the Dungeon)

   [ring of strength]

   Str:       It affects your strength (+6).
   Int:       It affects your intelligence (+2).
   rN:        It protects you from negative energy.
Wands
 q - a wand of roots (12)
 y - a wand of polymorph (4)
 K - a wand of paralysis (17)
Scrolls
 f - a scroll of amnesia
 i - 3 scrolls of butterflies
 j - a scroll of summoning
 k - 3 scrolls of teleportation
 l - 4 scrolls of immolation
 m - 2 scrolls of enchant armour
 B - 3 scrolls of enchant weapon
 D - 2 scrolls of vulnerability
Potions
 b - 2 potions of degeneration
 d - 2 potions of might
 e - a potion of brilliance
 h - 2 potions of cancellation
 o - 2 potions of magic
 p - 3 potions of lignification {unknown}
 r - 2 potions of curing {unknown}
 x - 3 potions of mutation {unknown}
 z - a potion of resistance {unknown}
 C - a potion of attraction {unknown}
 G - a potion of haste {unknown}
 H - a potion of ambrosia {unknown}
 I - a potion of invisibility {unknown}
 M - a potion of flight {unknown}


   Skills:
 + Level 7.8 Fighting
 - Level 10.0 Short Blades
 + Level 7.0 Armour
 - Level 5.0 Stealth
 - Level 4.0 Shields
 + Level 7.7 Invocations


You had 10 spell levels left.
You didn't know any spells.
Your spell library contained the following spells:

 Spells                   Type           Power      Damage    Failure   Level
 Ensorcelled Hibernation  Hex/Ice        0%         N/A       99%         2
 Passwall                 Tmut/Erth      0%         N/A       99%         2
 Swiftness                Air            0%         N/A       100%        3
 Passage of Golubria      Tloc           0%         N/A       100%        4
 Silence                  Hex/Air        0%         N/A       100%        5
 Lehudib's Crystal Spear  Conj/Erth      0%         10d2      100%        8


Dungeon Overview and Level Annotations

Branches:
Dungeon (11/15)            Temple (1/1) D:6             Orc (0/2) D:10
   Lair: D:8-11

Altars:
Ashenzari
Cheibriados
Dithmenos
Elyvilon
Fedhas
Gozag
Hepliaklqana
Kikubaaqudgha
Makhleb
Nemelex Xobeh
Okawaru
Qazlal
Sif Muna
Trog
Uskayaw
Vehumet
Wu Jian
Xom
Zin
The Shining One

Shops:
D:2 ?   D:5 [

Annotations:
D:7 1 runed translucent door, Crazy Yiuf
D:8 3 runed translucent doors, Amaemon; BabyfaceFinlayson's ghost, novice OgFE
Temple 2 transporters


Innate Abilities, Weirdness & Mutations

You have razor-sharp teeth.
Your natural rate of healing is unusually fast.
When hurt, damage is shared between your health and your magic reserves.
Your bite disrupts and absorbs the magic of your enemies.
Potions cannot restore your health.


Message History

You hit Amaemon. You bite Amaemon!
Amaemon's magic leaks into the air.
You drain his magic.
Amaemon is severely wounded.
You feel sick.
You hit Amaemon. Your bite misses Amaemon.
Amaemon is severely wounded.
You feel sick.
Amaemon hits you with a +0 demon whip of venom!
* * * LOW HITPOINT WARNING * * *
You are lethally poisoned!
Amaemon barely misses you. Amaemon tail-slaps you.
* * * LOW HITPOINT WARNING * * *
You barely miss Amaemon. You bite Amaemon.
Amaemon's magic leaks into the air.
You drain his magic.
You feel invigorated.
Amaemon is severely wounded.
* * * LOW HITPOINT WARNING * * *
You feel very sick.
You hit Amaemon but do no damage.
Amaemon is severely wounded.
* * * LOW HITPOINT WARNING * * *
You feel sick.
You hit Amaemon but do no damage. Your bite misses Amaemon.
Amaemon is severely wounded.
* * * LOW HITPOINT WARNING * * *
You feel sick.
You hit Amaemon. Your bite misses Amaemon.
Amaemon is almost dead.
* * * LOW HITPOINT WARNING * * *
You feel sick. You block Amaemon's attack.
Amaemon claws you but does no damage. Amaemon tail-slaps you.
* * * LOW HITPOINT WARNING * * *
You hit Amaemon.
Amaemon is almost dead.
* * * LOW HITPOINT WARNING * * *
You feel very sick.
You can now merge with and destroy a victim.
Unknown command.
You hit Amaemon but do no damage. Your bite misses Amaemon.
Amaemon is almost dead.
You die...

###
########################
#.#
................@.......
#..
........##......[6......
#.#
........................
#.#
..#####.#.......#.#.....
#.# #..##
#.#.######..#.#### #.#
.#..###............ .
#.#
............####.##.#.
#.#
#...................#.#
#.# ####†###..#...>#.###
#.#


You could see Amaemon (magic disrupted).

Vanquished Creatures
  A centaur warrior (D:8)
  2 two-headed ogres
  3 slime creatures (D:8)
  Pikel (D:6)
  Maurice (D:8)
  An orange demon (D:8)
  Psyche (D:8)
  A troll (D:11)
  Prince Ribbit (D:7)
  A shadow (D:5)
  4 yaks
  A wyvern (D:9)
  A wraith (D:11)
  2 steam dragons
  A warg (D:10)
  3 water moccasins
  An ice beast (D:8)
  A sky beast (D:8)
  3 ogres
  5 orc warriors
  3 black bears
  3 centaurs (D:8)
  2 phantoms
  2 kobold brigands
  2 bullfrogs
  2 gnoll sergeants (D:7)
  3 necrophages
  2 scorpions
  11 wights
  3 killer bees (D:8)
  8 orc priests
  3 hounds
  5 jellies
  3 iguanas
  11 orc wizards
  6 gnolls
  5 adders
  2 shadow imps
  A white imp (D:3)
  A worm (D:4)
  A dart slug (D:5)
  33 orcs
  5 endoplasms
  3 giant cockroaches (D:3)
  4 goblins
  10 hobgoblins
  2 jackals (D:2)
  5 quokkas
  5 ball pythons
  4 bats
  3 frilled lizards
  6 kobolds
  5 rats
199 creatures vanquished.

Notes
Turn   | Place    | Note
-------+----------+-------------------------------------------
     0 | D:1      | MacCMillion the Vine Stalker Fighter began the quest for
                  | the Orb.
     0 | D:1      | Reached XP level 1. HP: 11/11 MP: 2/2
    53 | D:1      | Found a faded altar of an unknown god.
   123 | D:1      | Reached skill level 2 in Short Blades
   328 | D:1      | Reached XP level 2. HP: 14/16 MP: 3/3
  1135 | D:2      | Reached XP level 3. HP: 16/19 MP: 4/4
  1248 | D:2      | Gained mutation: Your natural rate of healing is unusually
                  | fast. [Vine Stalker growth]
  1248 | D:2      | Reached XP level 4. HP: 21/23 MP: 5/5
  1307 | D:2      | Reached skill level 3 in Short Blades
  1384 | D:2      | Noticed a scorpion
  1395 | D:2      | Killed a scorpion
  1396 | D:2      | Reached XP level 5. HP: 17/27 MP: 6/6
  1729 | D:2      | Found Natrider's Magic Scroll Boutique.
  1732 | D:2      | Bought a scroll of identify for 28 gold pieces
  2101 | D:3      | Identified the +0 leather armour of Shadows and Fog {Int+4}
  3065 | D:4      | Reached skill level 4 in Short Blades
  3169 | D:4      | Reached XP level 6. HP: 32/32 MP: 5/7
  3235 | D:4      | Found an ornate altar of the Wu Jian Council.
  3239 | D:4      | Found a hazy altar of Hepliaklqana.
  3321 | D:4      | Reached skill level 5 in Short Blades
  3430 | D:4      | HP: 1/32 [ogre/+0 giant club (13)]
  3776 | D:4      | Reached skill level 6 in Short Blades
  3776 | D:4      | Reached XP level 7. HP: 35/35 MP: 8/8
  3917 | D:4      | Noticed a steam dragon
  4053 | D:5      | Entered Level 5 of the Dungeon
  4098 | D:5      | Noticed a shadow
  4103 | D:5      | Found Cecipop's Antique Armour Shoppe.
  4121 | D:5      | Reached skill level 7 in Short Blades
  4406 | D:5      | Killed a shadow
  4407 | D:5      | Gained mutation: You have razor-sharp teeth. [Vine Stalker
                  | growth]
  4407 | D:5      | Reached XP level 8. HP: 6/39 MP: 2/9
  4690 | D:5      | Reached skill level 8 in Short Blades
  5041 | D:6      | Found a staircase to the Ecumenical Temple.
  5140 | Temple   | Entered the Ecumenical Temple
  5140 | Temple   | Found a transporter.
  5140 | Temple   | Found a transporter.
  5142 | Temple   | Found a transporter.
  5142 | Temple   | Found a transporter.
  5159 | Temple   | Became a worshipper of Uskayaw the Reveller
  5235 | D:6      | Reached * piety under Uskayaw
  5242 | D:6      | Reached ** piety under Uskayaw
  5426 | D:6      | Reached skill level 1 in Invocations
  5727 | D:6      | Reached *** piety under Uskayaw
  5765 | D:7      | Reached skill level 9 in Short Blades
  5786 | D:7      | Found a white marble altar of Elyvilon.
  5786 | D:7      | Noticed a yak
  5787 | D:7      | Noticed a two-headed ogre
  5809 | D:6      | Reached XP level 9. HP: 34/44 MP: 11/11
  5917 | D:6      | Killed a two-headed ogre
  6036 | D:7      | Noticed Pikel
  6168 | D:6      | Killed Pikel
  6287 | D:7      | Reached **** piety under Uskayaw
  6355 | D:7      | Reached skill level 1 in Stealth
  6407 | D:7      | Reached skill level 5 in Fighting
  6440 | D:7      | Reached XP level 10. HP: 51/51 MP: 14/14
  6534 | D:7      | Found a runed translucent door.
  6535 | D:7      | Noticed Crazy Yiuf
  6831 | D:7      | Noticed Prince Ribbit
  6845 | D:7      | Killed Prince Ribbit
  7188 | D:8      | Reached skill level 10 in Short Blades
  7200 | D:8      | Reached skill level 5 in Invocations
  7227 | D:8      | Reached skill level 5 in Armour
  7286 | D:8      | Found a runed translucent gate.
  7286 | D:8      | Found a runed translucent gate.
  7286 | D:8      | Found a runed translucent gate.
  7287 | D:8      | Noticed BabyfaceFinlayson's ghost (novice OgFE)
  7309 | D:8      | Killed a very large slime creature
  7315 | D:8      | Reached ***** piety under Uskayaw
  7411 | D:8      | Noticed Maurice
  7430 | D:8      | Killed Maurice
  7431 | D:8      | Reached skill level 5 in Stealth
  7548 | D:8      | You fall into a shaft and drop 3 floors!
  7556 | D:11     | Identified 2 scrolls of acquirement
  7556 | D:11     | Acquired the +6 quick blade "Bexigao" {vorpal, rC++}
  7559 | D:11     | Acquired the ring of Gore {rN+ Str+6 Int+2}
  7653 | D:10     | Entered Level 10 of the Dungeon
  7653 | D:10     | Noticed a manticore
  7797 | D:10     | Noticed a two-headed ogre
  7812 | D:10     | Killed a two-headed ogre
  7905 | D:10     | Found a staircase to the Orcish Mines.
  7916 | D:10     | Reached XP level 11. HP: 47/58 MP: 13/16
  8319 | D:8      | Noticed Psyche
  8323 | D:8      | Killed Psyche
  8384 | D:8      | Reached ****** piety under Uskayaw
  8488 | D:8      | Noticed a centaur warrior
  8496 | D:8      | Killed a centaur warrior
  8613 | D:8      | Noticed Amaemon
  8644 | D:8      | HP: 1/60 [poisoned by Amaemon]
  8645 | D:8      | Succumbed to Amaemon's poison

Illustrated notes

Levels and vault maps discovered:
D:1:      dpeg_arrival_simpleton_a, layout_basic,
          shapermc_ecumenical_altar_mp_highgroup, st_stairs_7
D:2:      minmay_spotlight, layout_loops_cross, serial_shops,
          nicolae_shop_behind_doors
D:3:      layout_basic
D:4:      layout_cave_pools, nicolae_overflow_squiral, grunt_tough_drop
D:5:      layout_basic, serial_shops, shop, moated_statue, grunt_ministairs_5
D:6:      layout_gridville, lemuel_temple_firewalk_b
D:7:      layout_loops_ring, kennysheep_pointless_box,
          small_statue_intersection, minmay_ruined_shrine,
          uniq_crazy_yiuf_cottage, uniq_prince_ribbit1, uniq_pikel
D:8:      minmay_the_grid_octo_tiled_squarecenter
          [minmay_the_grid_octo_pinwheel, minmay_the_grid_octo_clover_2,
          minmay_the_grid_octo_77, minmay_the_grid_octo_checkered,
          minmay_the_grid_square_5x5_megaprize_hollow,
          minmay_the_grid_square_5x5_pentomino_r,
          minmay_the_grid_square_5x5_comb, minmay_the_grid_square_5x5_two_small,
          minmay_the_grid_square_5x5_plus], layout_basic,
          ebering_ghost_rock_garden, uniq_amaemon, uniq_grum, uniq_maurice,
          uniq_psyche, uniq_erica
D:9:      layout_basic, yredelemnul_altar_generic, lair_entry_dummy
D:10:     layout_loops_ring, david_orc_3, grunt_ministairs_14, roderic_lattice_a
D:11:     layout_irregular_city, uniq_josephine
Temple:   hellmonk_temple_divided_pantheon

Skill      XL: |  1  2  3  4  5  6  7  8  9 10 11 |
---------------+----------------------------------+-----
Short Blades   | 2 3 4 6 7 9 10 | 10.0
Shields        | 3 4 |  4.0
Invocations    | 2 4 6 7 |  7.7
Fighting       | 3 5 6 7 |  7.8
Armour         | 3 4 6 7 |  7.0
Stealth        | 2 5 |  5.0

Action                   |  1- 3 |  4- 6 |  7- 9 | 10-12 || total
-------------------------+-------+-------+-------+-------++-------
Melee: Rapier            |    89 |    66 |       |       ||   155
       Bite              |    20 |    49 |   101 |   137 ||   307
       Dagger            |       |   115 |   270 |   134 ||   519
       Quick blade       |       |       |       |   218 ||   218
Throw: Dart              |       |     2 |     5 |     2 ||     9
Invok: Line Pass         |       |       |       |     1 ||     1
Evoke: Wand              |       |     1 |       |       ||     1
  Use: Scroll            |       |     3 |     5 |    10 ||    18
 Stab: Paralysed         |       |       |     5 |    18 ||    23
       Confused          |       |       |       |     1 ||     1
Armor: Scale mail        |    28 |    32 |       |       ||    60
       Plate armour      |       |    48 |   138 |    87 ||   273
Dodge: Dodged            |    32 |    49 |    48 |    32 ||   161
Block: Buckler           |    14 |    29 |    47 |    50 ||   140
